 Dungeon Crawl Stone Soup version 0.25-a0-528-g6b7c99946c (webtiles) character file.

Game seed: 7866107505098611085, levelgen mode: classic

133833 EnegeticOcto the Severer (level 15, 0/133 HPs)
             Began as a Deep Dwarf Fighter on Feb 19, 2020.
             Was a High Priest of Makhleb.
             Splashed by an acid blob's acid (5 damage)
             ... on level 1 of the Pits of Slime.
             The game lasted 00:16:36 (14477 turns).

EnegeticOcto the Severer (Deep Dwarf Fighter)      Turns: 14477, Time: 00:16:36

Health: 0/133      AC: 24    Str: 24    XL:     15   Next: 95%
Magic:  0/2        EV: 13    Int: 11    God:    Makhleb [*****.]
Gold:   1335       SH: 13    Dex: 16    Spells: 14/14 levels left

rFire    . . .     SeeInvis .   a - +5 broad axe (vorpal)
rCold    + . .     Gourm    .   c - +0 kite shield
rNeg     + . .     Faith    .   p - +9 plate armour of the Komtur {Dex+4}
rPois    .         Spirit   .   v - +2 helmet
rElec    .         Reflect  .   t - +0 cloak
rCorr    +         Harm     .   y - +1 pair of gloves
MR       ++...                  O - +0 pair of boots (curse)
Stlth    ..........             (no amulet)
HPRegen  0.00/turn              A - ring of protection from cold
MPRegen  0.08/turn              b - ring of resist corrosion

@: corroded, non-regenerating
A: damage resistance, heal wounds, blurry vision 2, deformed body, frail 1,
negative energy resistance 1, sense surroundings 2, no regeneration
}: 2/15 runes: decaying, gossamer
a: Heal Wounds, Minor Destruction, Lesser Servant of Makhleb, Major Destruction,
Greater Servant of Makhleb, Renounce Religion


You were on level 1 of the Pits of Slime.
You worshipped Makhleb.
Makhleb was extremely pleased with you.
You were not hungry.

You visited 6 branches of the dungeon, and saw 31 of its levels.
You also visited: Ossuary, Gauntlet and Ice Cave.

You collected 2267 gold pieces.
You spent 932 gold pieces at shops.

Inventory:

Hand Weapons
 a - a +5 vorpal broad axe (weapon)
Missiles
 G - a throwing net (quivered)
Armour
 c - a +0 kite shield (worn)
 p - the +9 plate armour of the Komtur (worn) {Dex+4}
   (You bought it in a shop on level 5 of the Dungeon)

   It affects your dexterity (+4).
   If you remove this armour, your AC will decrease by 19 (24 -> 5).
 t - a +0 cloak (worn)
 v - a +2 helmet (worn)
 y - a +1 pair of gloves (worn)
 O - a cursed +0 pair of boots (worn)
Jewellery
 b - a ring of resist corrosion (right hand)
 w - an uncursed ring of poison resistance
 A - a ring of protection from cold (left hand)
 R - an uncursed ring of protection from fire
Wands
 l - a wand of enslavement (13)
 r - a wand of flame (23)
 C - a wand of polymorph (24)
 D - a wand of clouds (4)
 F - a wand of acid (9) {@V1}
 K - a wand of iceblast (11)
 L - a wand of scattershot (11)
 N - a wand of disintegration (10)
Scrolls
 d - 3 scrolls of teleportation {@r2}
 f - 6 scrolls of remove curse {@r6}
 q - 4 scrolls of magic mapping {@r5}
 B - 2 scrolls of fear
 E - 6 scrolls of enchant armour
 J - 3 scrolls of immolation {@r4}
 M - 2 scrolls of fog
Potions
 g - 2 potions of lignification {@q7}
 h - 7 potions of heal wounds {@q2}
 i - 2 potions of degeneration
 j - 2 potions of stabbing {@q5}
 k - 2 potions of might {@q3}
 m - a potion of resistance {@q6}
 n - 3 potions of haste {@q4}
 o - 3 potions of cancellation
 s - a potion of curing {@q1}
 u - 5 potions of flight
 x - 2 potions of ambrosia
 z - 3 potions of mutation
 H - a potion of brilliance
 I - a potion of invisibility
 P - a potion of berserk rage
Comestibles
 e - 32 rations


   Skills:
 * Level 13.3 Fighting
 * Level 15.3 Axes
 + Level 11.6 Armour
 + Level 11.2 Dodging
 + Level 11.6 Shields
 * Level 14.2 Invocations


You had 14 spell levels left.
You didn't know any spells.
Your spell library contained the following spells:

 Spells                   Type           Power        Failure   Level  Hunger
 Corpse Rot               Necr/Air       N/A          100%        2    ###....
 Poisonous Vapours        Pois/Air       #.....       100%        2    ###....
 Conjure Flame            Conj/Fire      #.......     100%        3    ####...
 Mephitic Cloud           Conj/Pois/Air  #.......     100%        3    ####...
 Stone Arrow              Conj/Erth      #.....       100%        3    ####...
 Cause Fear               Hex            #.........   100%        4    #####..
 Silence                  Hex/Air        #.........   100%        5    ######.
 Summon Forest            Summ/Tloc      #.........   100%        5    ######.
 Yara's Violent Unravell  Hex/Tmut       #.........   100%        5    ######.
 Deflect Missiles         Chrm/Air       #.........   100%        6    #######
 Eringya's Noxious Bog    Tmut/Pois      #.........   100%        6    #######
 Freezing Cloud           Conj/Ice/Air   #.........   100%        6    #######
 Hydra Form               Tmut           #.........   100%        6    #######
 Ring of Flames           Chrm/Fire      #.........   100%        7    #######
 Summon Hydra             Summ           #.........   100%        7    #######
 Discord                  Hex            #.........   100%        8    #######


Dungeon Overview and Level Annotations

Branches:
Dungeon (15/15)            Temple (1/1) D:4            Lair (6/6) D:11
  Swamp (4/4) Lair:2       Spider (4/4) Lair:2        Slime (1/5) Lair:6
    Orc (0/2) D:10         Vaults (0/5) D:13         Depths (0/5) D:15
Ossuary (visited)           IceCv (visited)         Gauntlet (visited)

Altars:
Ashenzari
Cheibriados
Dithmenos
Elyvilon
Fedhas
Gozag
Hepliaklqana
Kikubaaqudgha
Makhleb
Nemelex Xobeh
Okawaru
Qazlal
Ru
Sif Muna
Trog
Uskayaw
Vehumet
Wu Jian
Xom
Yredelemnul
Zin
The Shining One

Shops:
D:5 [   D:6 *   D:14 *

Annotations:
D:7 3 runed translucent doors, ketsa's ghost, novice DECj
Lair:1 Tenar's ghost, journeyman GrBe


Innate Abilities, Weirdness & Mutations

You are resistant to damage.
You can heal yourself by infusing magical energy.
You resist negative energy. (rN+)
You passively map the area around you.
You do not regenerate.
Scrolls take you longer to read.
Armour fits poorly on your strangely shaped body.
You are frail. (-10% HP)


Message History

Two slime creatures merge to form an enormous slime creature.
You slash the very large slime creature!
The very large slime creature is heavily wounded.
You completely miss the acid blob. You slash the enormous slime creature!
You block the very large slime creature's attack.
A slime creature comes into view.
The acid blob spits acid at you. The splash of acid misses you.
You hit the very large slime creature.
The very large slime creature is heavily wounded.
You hit the enormous slime creature. You hit the acid blob.
Your hands burn!
The very large slime creature hits you but does no damage.
The acid blob hits you but does no damage.
The eye of draining gazes at you.
You feel your power leaking away. The enormous slime creature hits you!!
You slice the very large slime creature!!
The very large slime creature is severely wounded.
You slash the slime creature! You slice the acid blob!!
Your hands burn!
You slash the enormous slime creature! The slime creature misses you.
You block the acid blob's attack.
You block the very large slime creature's attack.
A slime creature comes into view.
An enormous slime creature splits.
You hit the very large slime creature.
The very large slime creature is severely wounded.
You hit the large slime creature. You hit the slime creature.
You slash the acid blob!
Your hands burn!
You slice the large slime creature!! You block the slime creature's attack.
The acid blob spits acid at you.
The splash of acid hits you but does no damage.
You are splashed with acid.
You resist.
Two slime creatures merge to form an enormous slime creature.
Your plate armour of the Komtur prevents you from hitting the acid blob.
The acid blob is heavily wounded.
You slice the slime creature!! You slash the large slime creature!
You hit the enormous slime creature but do no damage.
You barely miss the large slime creature.
A large slime creature splits.
The large slime creature hits you!
Two slime creatures merge to form a titanic slime creature.
A slime creature comes into view.
You block the slime creature's attack. The acid blob hits you!
You are splashed with acid.
You resist. The eye of draining gazes at you.
You feel your power leaking away.
You slash the slime creature!
You kill the slime creature!
Makhleb accepts your kill.
You slash the slime creature! You barely miss the slime creature.
You hit the titanic slime creature. You slash the large slime creature!
You slash the acid blob!
Your hands burn!
You block the large slime creature's attack.
You block the slime creature's attack.
A slime creature comes into view.
The acid blob spits acid at you.
The splash of acid hits you but does no damage.
You are splashed with acid!
You resist.
You slash the acid blob!
Your hands burn!
The acid blob is severely wounded.
You slash the large slime creature! You slash the titanic slime creature!
You slash the slime creature! You slice the slime creature!!
You kill the slime creature!
Makhleb accepts your kill.
You feel better. The titanic slime creature hits you!!!
* * * LOW HITPOINT WARNING * * *
A large slime creature splits.
The acid blob completely misses you. You block the slime creature's attack.
The eye of draining gazes at you.
You are too injured to fight recklessly!
You are too injured to fight recklessly!
You are too injured to fight recklessly!
You are too injured to fight recklessly!
You are too injured to fight recklessly!
You are too injured to fight recklessly!
You are too injured to fight recklessly!
You are too injured to fight recklessly!
You are too injured to fight recklessly!
You are too injured to fight recklessly!
You are too injured to fight recklessly!
You are too injured to fight recklessly!
You are too injured to fight recklessly!
You are too injured to fight recklessly!
A titanic slime creature splits.
The slime creature hits you!
* * * LOW HITPOINT WARNING * * *
Two slime creatures merge to form a large slime creature.
The slime creature closely misses you.
You feel much better. The acid blob spits acid at you.
The splash of acid hits you. You resist.
You are splashed with acid!
You resist.
Two slime creatures merge to form a titanic slime creature.
Two slime creatures merge to form a large slime creature.
The eye of draining gazes at you.
A large slime creature splits.
You feel much better. The titanic slime creature hits you!!!
* * * LOW HITPOINT WARNING * * *
The acid blob spits acid at you.
The splash of acid hits you but does no damage.
You are splashed with acid.
You resist.
You die...

*, * ...#......#...## ** *
* ................## * .# *
, ,...................##
... *,,
....................##...#
...................#.#...#
,
.....J................#.##
,
.........................#
,
*....#.#.......##........#
*
*,...#..JJJ@^..##...<...###
.......JJ..##.........# ,
,,.......JJ..#.........## *
.....G................# ,
,.........#...##....#.## ,
,............#..##...## ,
................#..## * ,
......>........#...# , ,
,........##....., .##


You could see an acid blob, a titanic slime creature, a large slime creature, 5
slime creatures and an eye of draining.

Vanquished Creatures
  A bone dragon (Swamp:4)
  2 acid blobs (Slime:1)
  A thorn hunter (Swamp:1)
  2 ghost moths (Spider:4)
  An emperor scorpion (Spider:2)
  A minotaur (Gauntlet)
  3 spark wasps (Spider:4)
  Josephine (D:11)
  Erolcha (D:12)
  Fannar (D:11)
  2 vault guards (D:13)
  5 hydras
  Erica (D:8)
  A two-headed ogre (D:8)
  2 ghost crabs (Swamp:4)
  A centaur warrior (D:14)
  An alligator (Swamp:1)
  A death yak (Lair:6)
  Urug (Lair:5)
  A tengu warrior (D:13)
  2 spriggan druids
  2 unseen horrors
  3 spectral hydras (Swamp:4)
  A lindwurm (Lair:6)
  A phantasmal warrior (Swamp:4)
  3 necromancers
  A wizard (D:13)
  Pikel (D:5)
  A manticore (D:14)
  An ugly thing (D:13)
  A deep elf mage (D:11)
  5 wolf spiders
  3 cyclopes
  Maurice (D:8)
  2 shining eyes (Slime:1)
  A centaur zombie (D:14)
  4 elephants (Lair:4)
  Joseph (D:8)
  2 black mambas
  Maggie (D:8)
  A gargoyle (D:14)
  6 spiny frogs
  7 komodo dragons
  A swamp worm zombie (Swamp:4)
  2 demonic crawlers
  3 hydra zombies (Swamp:4)
  4 hornets
  2 jumping spiders (Spider:4)
  3 meliai (Gauntlet)
  2 polar bears
  2 trolls
  4 tyrant leeches
  A raiju (Gauntlet)
  A wind drake (shapeshifter) (D:14)
  16 blink frogs
  5 bog bodies
  3 spectral swamp dragons (Swamp:4)
  4 hippogriffs
  A meliai zombie (D:12)
  30 slime creatures
  7 dream sheep (Lair:6)
  An alligator zombie (Swamp:4)
  5 tarantellas
  2 wyverns
  A vampire (D:11)
  17 redbacks
  2 spriggans
  4 wraiths
  20 yaks
  3 shadows
  A hog (D:10)
  6 basilisks
  3 fire elementals (D:14)
  Grum (D:10)
  6 vampire mosquitoes (Swamp:4)
  2 steam dragons
  A hungry ghost (D:7)
  20 humans (D:13)
  8 swamp worms
  3 soldier ants
  2 hell hounds (D:14)
  17 insubstantial wisps
  12 water moccasins
  6 porcupines
  8 sky beasts
  2 black bears
  6 ice beasts
  3 swamp drakes
  3 orc warriors
  8 phantoms
  3 slaves (D:5)
  3 swamp dragon zombies (Swamp:4)
  An eye of draining (D:10)
  14 centaurs
  4 ogres
  23 wolves
  2 crocodiles (Lair:3)
  3 big kobolds
  An elf zombie (Ossuary)
  A gnoll sergeant (D:10)
  A wyvern zombie (D:14)
  8 bullfrogs
  8 scorpions
  7 killer bees
  11 wights
  2 howler monkeys
  A vampire bat (D:4)
  3 electric eels
  7 crimson imps
  A bullfrog zombie (D:13)
  9 hounds
  19 jellies
  Crazy Yiuf (D:4)
  5 centaur skeletons
  A bullfrog skeleton (D:4)
  7 orc priests
  A quasit (D:7)
  3 iguanas
  Terence (D:3)
  8 orc wizards
  13 worker ants
  A troll simulacrum (IceCv)
  A killer bee zombie (D:9)
  4 big kobold zombies (Ossuary)
  2 hound skeletons
  3 mummies
  A worker ant zombie (D:5)
  Robin (D:4)
  3 gnolls (D:10)
  A howler monkey skeleton (D:11)
  14 adders
  A naga simulacrum (IceCv)
  A river rat (D:3)
  5 shadow imps
  A white imp (IceCv)
  An ufetubus (IceCv)
  2 oozes
  An adder skeleton (D:6)
  3 worms
  4 leopard geckos
  44 orcs
  6 ball pythons
  4 bats
  4 bat skeletons (D:4)
  2 bat zombies (D:4)
  10 giant cockroaches
  2 gnoll zombies (Ossuary)
  13 goblins
  8 hobgoblins
  15 jackals
  4 quokkas
  2 frilled lizards (D:4)
  A goblin skeleton (D:10)
  5 goblin zombies (Ossuary)
  15 kobolds
  2 orc zombies (Ossuary)
  A quokka skeleton (D:9)
  A quokka zombie (D:7)
  5 rats
  2 fungi
  A plant (Lair:3)
714 creatures vanquished.

Vanquished Creatures (collateral kills)
  Arachne (Spider:2)
  2 ghost moths (Spider:4)
  An emperor scorpion (Spider:4)
  A spark wasp (Spider:4)
  Azrael (D:14)
  The ghost of Qaryups the Fighter, a journeyman DrSk of Okawaru (D:13)
  3 hydras
  An alligator (Swamp:3)
  2 spectral hydras (Swamp:4)
  An oklob plant (Swamp:4)
  4 orb spiders
  3 wolf spiders (Spider:4)
  A torpor snail (Spider:4)
  A demonic crawler (Spider:4)
  A spiny frog (Lair:6)
  A swamp worm zombie (Swamp:4)
  A jumping spider (Spider:4)
  2 hornets (Spider:4)
  A bog body (Swamp:4)
  A blink frog (Lair:5)
  3 slime creatures
  3 alligator zombies (Swamp:4)
  A tarantella (Spider:4)
  3 redbacks (Spider:4)
  A vampire mosquito (Swamp:4)
  5 swamp worms
  A swamp dragon zombie (Swamp:4)
  2 phantoms (Swamp:4)
  A wolf (Lair:5)
  2 centaurs (D:13)
  An orc priest (D:13)
  A giant cockroach (Lair:2)
  A kobold (D:14)
55 creatures vanquished.

Vanquished Creatures (others)
  A vampire (D:14)
  2 insubstantial wisps (Swamp:4)
  A white imp (IceCv)
  2 ufetubi (IceCv)
  A frilled lizard (D:5)
  6 fungi
  6 plants
19 creatures vanquished.

Grand Total: 788 creatures vanquished

Notes
Turn   | Place    | Note
-------+----------+-------------------------------------------
     0 | D:1      | EnegeticOcto the Deep Dwarf Fighter began the quest for the
                  | Orb.
     0 | D:1      | Reached XP level 1. HP: 20/20 MP: 1/1
    89 | D:1      | Reached XP level 2. HP: 25/27 MP: 2/2
   176 | D:2      | Found a sacrificial altar of Ru.
   369 | D:3      | Noticed Terence
   375 | D:3      | Killed Terence
   375 | D:3      | Reached skill level 3 in Axes
   375 | D:3      | Reached skill level 1 in Dodging
   375 | D:3      | Reached XP level 3. HP: 26/34 MP: 3/3
   462 | D:3      | Reached XP level 4. HP: 27/42 MP: 4/4
   833 | D:4      | Reached XP level 5. HP: 42/50 MP: 5/5
   864 | D:4      | Found a runed translucent door.
   865 | D:4      | Noticed Crazy Yiuf
   902 | D:4      | Noticed a phantom
   909 | D:4      | Found a staircase to the Ecumenical Temple.
   923 | D:4      | Killed a phantom
   923 | D:4      | Reached skill level 4 in Axes
   923 | D:4      | Reached XP level 6. HP: 57/57 MP: 6/6
   934 | Temple   | Entered the Ecumenical Temple
  1173 | D:4      | Found a glowing silver altar of Zin.
  1436 | D:4      | Noticed Robin
  1455 | D:4      | Killed Robin
  1624 | D:4      | Found an ancient bone altar of Kikubaaqudgha.
  1631 | D:4      | Reached XP level 7. HP: 66/66 MP: 6/6
  1889 | D:4      | Killed Crazy Yiuf
  1920 | D:5      | Entered Level 5 of the Dungeon
  1936 | D:5      | Noticed Pikel
  1961 | D:5      | Killed Pikel
  1961 | D:5      | Reached skill level 5 in Fighting
  1961 | D:5      | Reached skill level 5 in Axes
  1961 | D:5      | Reached skill level 5 in Armour
  1961 | D:5      | Reached skill level 5 in Shields
  2012 | D:5      | Reached XP level 8. HP: 46/74 MP: 7/7
  2126 | D:5      | Reached skill level 6 in Axes
  2188 | D:5      | Found Enuc's Antique Armour Emporium.
  2800 | D:6      | Found Uxuubet's Serpentskin Sales.
  2930 | D:6      | Found a stormy altar of Qazlal.
  2954 | D:6      | Found an iron altar of Okawaru.
  2954 | D:6      | Found a faded altar of an unknown god.
  2954 | D:6      | Noticed a two-headed ogre
  2964 | D:6      | Found an opulent altar of Gozag.
  2967 | D:6      | Found a faded altar of an unknown god.
  2968 | D:6      | Found a glowing golden altar of the Shining One.
  3096 | D:6      | Noticed a troll
  3125 | D:6      | Killed a troll
  3125 | D:6      | Reached skill level 7 in Axes
  3369 | D:7      | Gained mutation: You passively map the area around you.
                  | [Deep Dwarf growth]
  3369 | D:7      | Reached XP level 9. HP: 35/82 MP: 7/7
  3390 | D:7      | Found a sand-covered staircase.
  3404 | Ossuary  | Entered an ossuary
  3746 | D:7      | Found a runed translucent gate.
  3746 | D:7      | Found a runed translucent gate.
  3746 | D:7      | Found a runed translucent gate.
  3811 | D:7      | Noticed ketsa's ghost (novice DECj)
  3871 | D:7      | Reached skill level 5 in Dodging
  3943 | D:7      | Reached skill level 8 in Axes
  4214 | D:8      | Noticed Maurice
  4296 | D:8      | Noticed Joseph
  4325 | D:8      | Killed Joseph
  4325 | D:8      | Reached XP level 10. HP: 42/94 MP: 7/7
  4377 | D:8      | Killed Maurice
  4433 | D:8      | Reached skill level 9 in Axes
  4487 | D:8      | Killed a two-headed ogre
  4546 | D:8      | Noticed Maggie
  4578 | D:8      | Killed Maggie
  4752 | D:8      | Noticed Erica
  4787 | D:8      | Killed Erica
  6205 | D:9      | Reached skill level 10 in Axes
  6501 | D:9      | Reached XP level 11. HP: 56/104 MP: 2/2
  6682 | D:9      | Found a burning altar of Makhleb.
  6689 | D:9      | Became a worshipper of Makhleb the Destroyer
  6762 | D:9      | Reached skill level 1 in Invocations
  6993 | D:10     | Entered Level 10 of the Dungeon
  7104 | D:10     | Reached * piety under Makhleb
  7133 | D:10     | Noticed Sonja
  7142 | D:10     | Noticed Sonja
  7142 | D:10     | Sonja changed into Sonja the hog
  7148 | D:10     | Killed Sonja the hog
  7364 | D:10     | Noticed Grum
  7377 | D:10     | Killed Grum
  7436 | D:10     | Found a staircase to the Orcish Mines.
  7656 | D:5      | Bought a jacinth-studded plate armour for 812 gold pieces
  7666 | D:5      | Identified the +9 plate armour of the Komtur {Dex+4} (You
                  | bought it in a shop on level 5 of the Dungeon)
  7843 | D:11     | Found a staircase to the Lair.
  7855 | D:11     | Noticed Fannar
  7895 | D:11     | Killed Fannar
  7895 | D:11     | Reached ** piety under Makhleb
  7911 | D:11     | Noticed Josephine
  7914 | D:11     | Reached skill level 11 in Axes
  7945 | D:11     | Killed Josephine
  7945 | D:11     | Reached skill level 5 in Invocations
  8008 | D:11     | Noticed a deep elf mage
  8022 | D:11     | Killed a deep elf mage
  8301 | D:12     | Reached XP level 12. HP: 108/116 MP: 5/5
  8482 | D:12     | Noticed Erolcha
  8496 | D:12     | Killed Erolcha
  8515 | D:12     | Reached skill level 10 in Fighting
  8579 | D:12     | Reached *** piety under Makhleb
  8751 | D:13     | Found a runed translucent door.
  8751 | D:13     | Noticed a four-headed hydra
  8751 | D:13     | Noticed Qaryups's ghost (journeyman DrSk)
  8784 | D:13     | Killed a six-headed hydra
  8821 | D:13     | Killed Qaryups's ghost
  8834 | D:13     | Got a warped lead ring
  8853 | D:13     | Identified the ring "Uxkoam" {Fire MP-9 Int+6 Stlth+} (You
                  | found it on level 13 of the Dungeon)
  8927 | D:13     | Reached skill level 12 in Axes
  8998 | D:13     | Noticed a tengu warrior
  9021 | D:13     | Killed a tengu warrior
  9115 | D:13     | Reached **** piety under Makhleb
  9183 | D:13     | Found a gate to the Vaults.
  9183 | D:13     | Noticed a vault guard
  9183 | D:13     | Noticed a vault guard
  9198 | D:13     | Killed a vault guard
  9199 | D:13     | Reached XP level 13. HP: 126/126 MP: 8/8
  9572 | D:14     | Noticed Azrael
  9593 | D:14     | Killed Azrael
  9770 | D:14     | Found Ihest's General Store.
  9773 | D:14     | Bought a scroll of enchant weapon for 120 gold pieces
  9924 | D:15     | Entered Level 15 of the Dungeon
  9936 | D:15     | Found a staircase to the Depths.
  9936 | D:15     | Noticed a fire giant
 10035 | Lair:1   | Entered Level 1 of the Lair of Beasts
 10144 | Lair:1   | Found a bloodstained altar of Trog.
 10144 | Lair:1   | Identified the +4 trident of the Enchanted Forest {flame,
                  | rElec}
 10144 | Lair:1   | Noticed Tenar's ghost (journeyman GrBe)
 10320 | Lair:2   | Reached skill level 10 in Invocations
 10327 | Lair:2   | Reached skill level 13 in Axes
 10327 | Lair:2   | Reached skill level 10 in Armour
 10327 | Lair:2   | Reached skill level 10 in Shields
 10343 | Lair:2   | Reached ***** piety under Makhleb
 10427 | Lair:2   | Found a hole to the Spider Nest.
 10483 | Lair:2   | Found a staircase to the Swamp.
 10955 | Lair:5   | Gained mutation: You resist negative energy. (rN+) [Deep
                  | Dwarf growth]
 10955 | Lair:5   | Reached XP level 14. HP: 122/136 MP: 9/9
 11036 | Lair:5   | Noticed Urug
 11051 | Lair:5   | Killed Urug
 11620 | Lair:6   | Entered Level 6 of the Lair of Beasts
 11669 | Lair:6   | Found a gate leading to a gauntlet.
 11736 | Gauntlet | Entered a Gauntlet
 11736 | Gauntlet | Found a large runed translucent door.
 11736 | Gauntlet | Found a large runed translucent door.
 11736 | Gauntlet | Found a large runed translucent door.
 11736 | Gauntlet | Found a large runed translucent door.
 11736 | Gauntlet | Found a large runed translucent door.
 11736 | Gauntlet | Found a transporter.
 11736 | Gauntlet | Found a large runed translucent door.
 11736 | Gauntlet | Found a large runed translucent door.
 11736 | Gauntlet | Found a large runed translucent door.
 11736 | Gauntlet | Found a runed translucent door.
 11736 | Gauntlet | Found a runed translucent gate.
 11736 | Gauntlet | Found a runed translucent gate.
 11736 | Gauntlet | Found a transporter.
 11736 | Gauntlet | Found a transporter.
 11749 | Gauntlet | Found a transporter.
 11749 | Gauntlet | Found a transporter.
 11757 | Gauntlet | Found a transporter.
 11760 | Gauntlet | Found a transporter.
 11764 | Gauntlet | Noticed an entropy weaver
 11768 | Gauntlet | Found a transporter.
 11786 | Gauntlet | Found a transporter.
 11803 | Gauntlet | Found a transporter.
 11806 | Gauntlet | Found a transporter.
 11818 | Gauntlet | Found a transporter.
 11821 | Gauntlet | Found a runed translucent gate.
 11822 | Gauntlet | Found a large runed translucent door.
 11822 | Gauntlet | Found a large runed translucent door.
 11823 | Gauntlet | Found a large runed translucent door.
 11824 | Gauntlet | Found a large runed translucent door.
 11825 | Gauntlet | Found a large runed translucent door.
 11825 | Gauntlet | Found a large runed translucent door.
 11825 | Gauntlet | Found a runed translucent door.
 11826 | Gauntlet | Found a large runed translucent door.
 11827 | Gauntlet | Found a large runed translucent door.
 11984 | Gauntlet | Got a warped cloak
 11995 | Gauntlet | Identified the +0 cloak of Ligiatip {rElec rN+ Str+3
                  | Slay-6} (You found it in a Gauntlet)
 12048 | Gauntlet | Reached skill level 10 in Dodging
 12397 | Lair:6   | Found a staircase to the Slime Pits.
 12578 | Spider:1 | Entered Level 1 of the Spider Nest
 12599 | Spider:1 | Identified the cursed +0 battleaxe of Xom's Condemnation
                  | {speed, *Corrode rF+ rC++} (You found it on level 1 of the
                  | Spider Nest)
 12621 | Spider:2 | Found a frozen archway.
 12622 | Spider:2 | Noticed Arachne
 12658 | Spider:2 | Killed Arachne
 12658 | Spider:2 | Reached skill level 14 in Axes
 12676 | IceCv    | Entered an ice cave
 12742 | Spider:2 | Noticed an emperor scorpion
 12779 | Spider:2 | Killed an emperor scorpion
 12838 | Spider:4 | Entered Level 4 of the Spider Nest
 12895 | Spider:4 | Killed a ghost moth
 12921 | Spider:4 | Noticed an emperor scorpion
 12935 | Spider:4 | Noticed a cacodemon
 12950 | Spider:4 | Killed an emperor scorpion
 12968 | Spider:4 | Killed a ghost moth
 13004 | Spider:4 | Killed a ghost moth
 13004 | Spider:4 | Reached XP level 15. HP: 131/146 MP: 0/8
 13032 | Spider:4 | Killed a ghost moth
 13040 | Spider:4 | Got a gossamer rune of Zot
 13193 | Swamp:1  | Entered Level 1 of the Swamp
 13221 | Swamp:1  | Noticed a thorn hunter
 13239 | Swamp:1  | Killed a thorn hunter
 13277 | Swamp:1  | Identified a scroll of acquirement
 13277 | Swamp:1  | Identified the +2 pair of boots of the Sun {Int+4} (You
                  | acquired it on level 1 of the Swamp)
 13407 | Swamp:2  | HP: 3/146 [spiny frog (20)]
 13407 | Swamp:2  | HP: 1/146 [nine-headed hydra (2)]
 13781 | Swamp:4  | Entered Level 4 of the Swamp
 13985 | Swamp:4  | Reached skill level 15 in Axes
 14083 | Swamp:4  | Noticed a bone dragon
 14108 | Swamp:4  | Killed a bone dragon
 14116 | Swamp:4  | Got a decaying rune of Zot
 14385 | Slime:1  | Entered Level 1 of the Pits of Slime
 14385 | Slime:1  | Noticed an acid blob
 14390 | Slime:1  | Gained mutation: You are frail. (-10% HP) [a shining eye]
 14396 | Slime:1  | Gained mutation: Armour fits poorly on your strangely
                  | shaped body. [a shining eye]
 14404 | Slime:1  | Killed an acid blob
 14415 | Slime:1  | Noticed an acid blob
 14432 | Slime:1  | Killed an acid blob
 14434 | Slime:1  | Gained mutation: Scrolls take you a little longer to read.
                  | [a shining eye]
 14439 | Slime:1  | Gained mutation: Scrolls take you longer to read. [a
                  | shining eye]
 14458 | Slime:1  | Noticed an acid blob
 14477 | Slime:1  | HP: 5/133 [titanic slime creature (55)]
 14477 | Slime:1  | Splashed by an acid blob's acid

Levels and vault maps discovered:
D:1:      sevenhm_arrival_forest_fort_small_6, layout_rooms, minmay_tromino_v4_b
D:2:      layout_loops_corners, roderic_nine_men_s_morris,
          hangedman_feature_mirror, nicolae_ru_path_of_blood
D:3:      layout_basic, portal_sewer_entry_e, uniq_terence
D:4:      layout_loops_ring, zin_academy, kennysheep_vampire_church,
          minmay_temple_entry_statues_fountains, minmay_pentangle, uniq_robin,
          uniq_crazy_yiuf_cottage
D:5:      layout_basic, first_ration, serial_shops,
          nicolae_shop_temple_entry_statues_fountains, serial_bayou_pond_d,
          uniq_pikel
D:6:      layout_rooms, chequers_temple_overflow_minitemple,
          overflow_temple_1_default, guppyfry_shop_venom
D:7:      layout_gridville, gammafunk_ghost_necromancy,
          gup_ossuary_entry_pyramid
D:8:      statuecave_lemuel, layout_basic, the_bakery, uniq_maurice,
          uniq_joseph, uniq_maggie, uniq_erica
D:9:      layout_basic, makhleb_heckhound_becter
D:10:     layout_rooms, orc_0_dummy, dk_yredelemnul_ordeal, uniq_grum,
          uniq_sonja
D:11:     layout_cross, lair_entry_dummy, chequers_serial_rivers_micro_a,
          uniq_fannar, uniq_josephine
D:12:     layout_roguey, uniq_erolcha
D:13:     layout_loops_cross, grunt_vaults_entry_tiered,
          ebering_ghost_inner_flame, kennysheep_nub
D:14:     layout_rooms, serial_park_avenue1, serial_shops,
          nicolae_shop_behind_doors, uniq_azrael
D:15:     grunt_enter_depths_giant_problem, layout_loops_cross,
          chequers_serial_rivers_marsh, minmay_librarian
Temple:   regret_index_temple_generic_petals
Lair:1:   layout_long_grid, gammafunk_ghost_wrathful_warriors,
          grunt_megastairs_3
Lair:2:   layout_concentric_octagons, swamp_mist_pool,
          nicolae_spider_entry_non_spiders, gammafunk_ghost_grave,
          infiniplex_staircase_pool
Lair:3:   layout_loops_ring, kennysheep_basilisk_garden
Lair:4:   layout_roguey, serial_bayou_crossing
Lair:5:   layout_long_grid, grunt_megastairs_5, uniq_urug
Lair:6:   evilmike_catoblepas_cave, layout_gridlike,
          minmay_slime_entry_jelly_boxes, gauntlet_entry_generic, st_stairs_11,
          guppyfry_lair_drakes, lemuel_fruit_tree
Swamp:1:  layout_basic_swamp, evilmike_swamp_ruin_rubble_2, swamp_pool5,
          uniq_louise
Swamp:2:  layout_basic_swamp, evilmike_swamp_ruin_house_3, swamp_pool3,
          nicolae_swamp_round_clearing, hangedman_swamp_muck, uniq_frances
Swamp:3:  layout_basic_swamp, hangedman_swamp_lotus, infiniplex_staircase_pool_2
Swamp:4:  swamp_pestilence, layout_basic_swamp, swamp_pool1,
          nicolae_swamp_very_dense_foliage
Spider:1: layout_spider_delve, guppyfry_hornet_nest
Spider:2: layout_spider_delve, portal_ice_cave_entry_pillars_three, drop_trap,
          uniq_arachne, uniq_jorgrun, uniq_kirke
Spider:3: layout_spider_delve
Spider:4: johnstein_spider_rune_arachne_lair, minmay_another_anthill,
          uniq_asterion
Slime:1:  layout_caves, special_room [special_room_jelly]

Skill      XL: |  1  2  3  4  5  6  7  8  9 10 11 12 13 14 15 |
---------------+----------------------------------------------+-----
Fighting       | 3 4 5 6 7 8 9 10 11 12 13 | 13.3
Axes           | 3 4 5 7 8 10 11 12 13 14 15 | 15.3
Dodging        | 1 2 3 4 5 6 7 8 9 10 11 | 11.2
Armour         | 4 5 6 7 8 9 10 11 | 11.6
Shields        | 4 5 6 7 8 9 10 11 | 11.6
Invocations    | 5 8 10 12 14 | 14.2

Action                   |  1- 3 |  4- 6 |  7- 9 | 10-12 | 13-15 || total
-------------------------+-------+-------+-------+-------+-------++-------
Melee: War axe           |    84 |   149 |   466 |    66 |       ||   765
       Broad axe         |       |       |       |   733 |  1154 ||  1887
Invok: Lesser Servant of |       |       |       |     4 |    28 ||    32
       Greater Servant o |       |       |       |       |     8 ||     8
 Abil: Heal Wounds       |       |     5 |    20 |    32 |    52 ||   109
Evoke: Wand              |       |       |       |     3 |       ||     3
  Use: Scroll            |       |       |       |    19 |    17 ||    36
       Potion            |       |       |       |     1 |     6 ||     7
 Stab: Distracted        |       |       |       |     2 |     7 ||     9
       Held in net/web   |       |       |       |       |     1 ||     1
       Confused          |       |       |       |       |     1 ||     1
  Eat: Chunk             |       |     3 |     4 |    18 |    13 ||    38
       Ration            |       |       |     4 |       |     2 ||     6
Armor: Scale mail        |    41 |    55 |   226 |   147 |       ||   469
       Plate armour      |       |       |       |   320 |  1374 ||  1694
Dodge: Dodged            |    35 |    57 |   233 |   344 |   906 ||  1575
Block: Kite shield       |    57 |    82 |   269 |   510 |  1146 ||  2064

Table legend:
 A = Non-vault XP
 B = Vault XP
 C = Vault XP percentage of total XP
 D = Non-vault monster count
 E = Vault monster count
 F = Vault count percentage of total count
                 A         B        C        D         E       F
            +---------+---------+-------+---------+---------+-------
      Total |   86756 |   64434 |  42.6 |     526 |     238 |  31.2
            +---------+---------+-------+---------+---------+-------
        D:1 |      12 |       0 |   0.0 |       6 |       0 |   0.0
        D:2 |      68 |       0 |   0.0 |      20 |       0 |   0.0
        D:3 |      48 |      59 |  55.1 |      16 |       9 |  36.0
        D:4 |     445 |     235 |  34.6 |      14 |      25 |  64.1
        D:5 |     530 |     629 |  54.3 |      10 |       1 |   9.1
        D:6 |     709 |      14 |   1.9 |      12 |       2 |  14.3
        D:7 |    1490 |      18 |   1.2 |      43 |       1 |   2.3
        D:8 |    2404 |    2538 |  51.4 |      21 |       5 |  19.2
        D:9 |    3219 |      45 |   1.4 |      41 |       1 |   2.4
       D:10 |    2258 |     859 |  27.6 |      42 |       7 |  14.3
       D:11 |    2947 |    2658 |  47.4 |      24 |       5 |  17.2
       D:12 |    3647 |    1012 |  21.7 |      23 |       1 |   4.2
       D:13 |    5507 |    8799 |  61.5 |      36 |      27 |  42.9
       D:14 |    7303 |    1980 |  21.3 |      31 |       6 |  16.2
     Lair:1 |     435 |      88 |  16.8 |       3 |       1 |  25.0
     Lair:2 |    4894 |     522 |   9.6 |      22 |       8 |  26.7
     Lair:3 |    4113 |     791 |  16.1 |      20 |       4 |  16.7
     Lair:4 |    3845 |       0 |   0.0 |      12 |       0 |   0.0
     Lair:5 |    2792 |    1248 |  30.9 |      12 |       2 |  14.3
     Lair:6 |    5630 |    3387 |  37.6 |      19 |      20 |  51.3
    Swamp:1 |    5337 |       0 |   0.0 |      14 |       0 |   0.0
    Swamp:2 |    2997 |       0 |   0.0 |       8 |       0 |   0.0
    Swamp:3 |    8238 |       0 |   0.0 |      29 |       0 |   0.0
    Swamp:4 |    2304 |   14139 |  86.0 |      14 |      42 |  75.0
   Spider:1 |    1432 |       0 |   0.0 |       5 |       0 |   0.0
   Spider:2 |    3191 |    2756 |  46.3 |       6 |       1 |  14.3
   Spider:4 |    2058 |   18831 |  90.1 |       7 |      40 |  85.1
    Slime:1 |    8903 |       0 |   0.0 |      16 |       0 |   0.0
    Ossuary |       0 |     234 | 100.0 |       0 |      16 | 100.0
      IceCv |       0 |      61 | 100.0 |       0 |       4 | 100.0
   Gauntlet |       0 |    3531 | 100.0 |       0 |      10 | 100.0
            +---------+---------+-------+---------+---------+-------
